 Dungeon Crawl Stone Soup version 0.25-a0-589-g1e14c54 (webtiles) character file.

Game seed: 11499199282584657201, levelgen mode: deterministic

573 BlueFish the Slasher (level 7, -4/61 HPs)
             Began as a Minotaur Fighter on Mar 12, 2020.
             Slain by an ogre
             ... wielding a +0 giant spiked club
              (24 damage)
             ... on level 4 of the Dungeon.
             The game lasted 00:04:01 (2750 turns).

BlueFish the Slasher (Minotaur Fighter)             Turns: 2750, Time: 00:04:02

Health: -4/61      AC: 13    Str: 20    XL:     7   Next: 12%
Magic:  6/6        EV:  6    Int:  5    God:
Gold:   131        SH:  5    Dex: 12    Spells: 6/6 levels left

rFire    . . .     SeeInvis .   a - +0 long sword
rCold    . . .     Gourm    .   j - +0 buckler
rNeg     . . .     Faith    .   g - +0 plate armour
rPois    .         Spirit   .   (helmet restricted)
rElec    .         Reflect  .   s - +0 cloak
rCorr    .         Harm     .   (no gloves)
MR       .....                  (no boots)
Stlth    ..........             (no amulet)
HPRegen  0.20/turn              (no ring)
MPRegen  0.10/turn              (no ring)

@: lethally poisoned (-4 -> -6)
A: retaliatory headbutt, horns 2
a: no special abilities


You were on level 4 of the Dungeon.
You were not hungry.

You visited 1 branch of the dungeon, and saw 4 of its levels.

You collected 131 gold pieces.

Inventory:

Hand Weapons
 a - a +0 long sword (weapon)
Armour
 c - a +0 kite shield
 g - a +0 plate armour (worn)
 j - a +0 buckler (worn)
 s - a +0 cloak (worn)
Wands
 q - a wand of polymorph (4)
Scrolls
 e - a scroll of magic mapping
 h - 2 scrolls of fear
 i - a scroll of teleportation
 k - a scroll of remove curse
Potions
 d - a potion of might
 l - 2 potions of resistance
 m - 3 potions of flight
 n - a potion of berserk rage {unknown}
 o - a potion of haste
 r - a potion of stabbing
Comestibles
 b - a chunk of flesh
 f - 6 rations


   Skills:
 * Level 5.2 Fighting
 * Level 6.4 Long Blades
 + Level 5.2 Armour
 + Level 1.0 Dodging
 * Level 5.4 Shields


You had 6 spell levels left.
You didn't know any spells.
Your spell library contained the following spells:

 Spells                   Type           Power        Failure   Level  Hunger
 Confusing Touch          Hex            #.......     100%        3    ####...
 Gell's Gravitas          Tloc           #.........   100%        3    ####...
 Petrify                  Tmut/Erth      #.......     100%        4    #####..
 Metabolic Englaciation   Hex/Ice        #.........   100%        5    ######.
 Yara's Violent Unravell  Hex/Tmut       #.........   100%        5    ######.


Dungeon Overview and Level Annotations

Branches:
Dungeon (4/15)
 Temple: D:4-7

Altars:
Fedhas
Ru
Sif Muna
Wu Jian
Xom
Zin
The Shining One

Shops:
D:2 *


Innate Abilities, Weirdness & Mutations

You reflexively headbutt those who attack you in melee.
You have a pair of horns on your head.


Message History

Your Dodging skill increases to level 1!
You have reached level 7!
The adder bites you.
You are poisoned.
The adder poisons you! The ogre barely misses you.
The adder bites you but does no damage.
You miss the adder.
The adder is severely wounded.
You feel sick. The adder barely misses you.
You riposte.
You closely miss the adder.
The adder is severely wounded.
You block the ogre's attack.
You hit the adder. You headbutt the adder.
You kill the adder!
You closely miss the ogre.
You feel sick.
The ogre hits you with a +0 giant spiked club!!
You slash the ogre!
The ogre is heavily wounded.
The ogre hits you with a +0 giant spiked club!!
You die...

.....$.....#
...........
..........#
..........#
..........
.........#
......O†.##
.......@..#
..........##
.......#...#
.......##..##
......# #...# .....#
##..÷##
#..#####.....#####..
#.. ...............
####.......####


You could see an ogre.

Vanquished Creatures
  Sigmund (D:2)
  A bullfrog (D:4)
  4 crimson imps (D:3)
  Terence (D:2)
  Natasha (thrice) (D:3)
  6 adders
  2 oozes (D:1)
  A worm (D:2)
  A dart slug (D:1)
  3 leopard geckos
  2 orcs (D:3)
  7 bats
  3 giant cockroaches
  5 goblins
  6 hobgoblins
  3 jackals (D:3)
  5 kobolds
  A quokka (D:2)
  3 ball pythons
  3 frilled lizards
  6 rats
67 creatures vanquished.

Notes
Turn   | Place    | Note
-------+----------+-------------------------------------------
     0 | D:1      | BlueFish the Minotaur Fighter began the quest for the Orb.
     0 | D:1      | Reached XP level 1. HP: 19/19 MP: 0/0
   109 | D:1      | Reached XP level 2. HP: 21/27 MP: 1/1
   357 | D:1      | Reached XP level 3. HP: 33/33 MP: 2/2
   549 | D:1      | You fall into a shaft and drop 1 floor!
   551 | D:2      | Noticed Terence
   560 | D:2      | Killed Terence
   560 | D:2      | Reached skill level 3 in Long Blades
   630 | D:2      | Reached XP level 4. HP: 33/41 MP: 3/3
   807 | D:2      | Found a sacrificial altar of Ru.
   947 | D:2      | Found a blossoming altar of Fedhas.
  1018 | D:2      | Noticed Sigmund
  1074 | D:2      | Killed Sigmund
  1074 | D:2      | Reached skill level 4 in Long Blades
  1074 | D:2      | Reached XP level 5. HP: 30/47 MP: 4/4
  1392 | D:2      | Found Zin's Purification Station.
  1393 | D:2      | Found a glowing silver altar of Zin.
  1612 | D:3      | Reached skill level 5 in Long Blades
  1659 | D:3      | Noticed Natasha
  1674 | D:3      | Killed Natasha
  1674 | D:3      | Reached XP level 6. HP: 29/55 MP: 5/5
  1880 | D:3      | Noticed Natasha
  1884 | D:3      | Killed Natasha
  1884 | D:3      | Reached skill level 5 in Fighting
  2035 | D:3      | Reached skill level 5 in Armour
  2112 | D:3      | Noticed Natasha
  2116 | D:3      | Killed Natasha
  2131 | D:3      | Found a shimmering altar of Xom.
  2132 | D:3      | Found an ornate altar of the Wu Jian Council.
  2132 | D:3      | Found a shimmering blue altar of Sif Muna.
  2133 | D:3      | Found a glowing golden altar of the Shining One.
  2300 | D:3      | Reached skill level 6 in Long Blades
  2300 | D:3      | Reached skill level 5 in Shields
  2746 | D:4      | Reached skill level 1 in Dodging
  2746 | D:4      | Reached XP level 7. HP: 44/61 MP: 6/6
  2750 | D:4      | Slain by an ogre

Levels and vault maps discovered:
D:1:      lemuel_arrival_broad_hall, layout_basic, corexii_leaking_fountain,
          minmay_misc_feat_pillars
D:2:      layout_loops_corners, zin_purify, lemuel_round_altar,
          nicolae_ru_path_of_blood, uniq_sigmund, uniq_terence
D:3:      layout_loops_ring, led_xom_imps, minitemple,
          hangedman_abyss_or_decor_stabs, uniq_natasha
D:4:      layout_cave_pods, minmay_circle_x, uniq_edmund

Skill      XL: |  1  2  3  4  5  6 |
---------------+-------------------+-----
Armour         | 4 5 |  5.2
Fighting       | 4 5 |  5.2
Shields        | 4 5 |  5.4
Long Blades    | 3 4 5 6 |  6.4
Dodging        | 1 |  1.0

Action                   |  1- 3 |  4- 6 |  7- 9 || total
-------------------------+-------+-------+-------++-------
Melee: Long sword        |    62 |   160 |     4 ||   226
       Headbutt          |     8 |    26 |     1 ||    35
       Unarmed           |       |    21 |       ||    21
  Use: Scroll            |       |     9 |       ||     9
  Eat: Chunk             |       |     6 |       ||     6
Armor: Scale mail        |    16 |       |       ||    16
       Chain mail        |     4 |     1 |       ||     5
       Plate armour      |       |   115 |     1 ||   116
Dodge: Dodged            |    25 |    51 |     2 ||    78
Block: Buckler           |    15 |    42 |     1 ||    58
       Rpst.: Long sword |     4 |    17 |     1 ||    22

Table legend:
 A = Non-vault XP
 B = Vault XP
 C = Vault XP percentage of total XP
 D = Non-vault monster count
 E = Vault monster count
 F = Vault count percentage of total count
                 A         B        C        D         E       F
            +---------+---------+-------+---------+---------+-------
      Total |     348 |     471 |  57.5 |      60 |       7 |  10.4
            +---------+---------+-------+---------+---------+-------
        D:1 |      60 |       0 |   0.0 |      26 |       0 |   0.0
        D:2 |      39 |     244 |  86.2 |       8 |       2 |  20.0
        D:3 |     133 |     227 |  63.1 |      23 |       5 |  17.9
        D:4 |     116 |       0 |   0.0 |       3 |       0 |   0.0
            +---------+---------+-------+---------+---------+-------
